Cogmind - Beta 16 @@@ ROGUE MODE // 2025.12.27 @ 00:33:41 Player: Centeno Result: Self-destructed Performance ------------- Evolutions (1) 500 Regions Visited (3) 600 Robots Destroyed (30) 150 Value Destroyed (880) 880 Prototype IDs (0) 0 Alien Tech Used (0) 0 Bonus (-18) -18 TOTAL SCORE: 2112 Bonus ------- Follower Combat Kills 21 Friendly Fire -39 Cogmind --------- Core Integrity 335/400 Matter 300/300 Energy 160/160 System Corruption 0% Temperature Cool (0) Movement Treading (160) Location -9/Materials Parts ------- > --- POWER (1) -------- Light Nuclear Core > --- PROPULSION (3) --- Light Treads Light Treads > --- UTILITY (3) ------ Small Storage Unit Large Storage Unit Light Armor Plating > --- WEAPON (2) ------- Heavy Assault Rifle Light Cannon > --- INVENTORY (15) --- Improved Ion Engine Heat Sink Medium Battery (150) Light Armor Plating Light Armor Plating Beam Cannon Beam Cannon Grenade Launcher Grenade Launcher Peak State ------------ > --- POWER ------------ Light Nuclear Core > --- PROPULSION ------- Light Treads Light Treads > --- UTILITY ---------- Small Storage Unit Large Storage Unit Light Armor Plating > --- WEAPON ----------- Heavy Assault Rifle Light Cannon > --- INVENTORY -------- Improved Ion Engine Heat Sink Medium Battery Light Armor Plating Light Armor Plating Beam Cannon Beam Cannon Grenade Launcher Grenade Launcher [Rating: 12] Favorites ----------- Power Light Nuclear Core Engine Ion Engine Power Core Light Nuclear Core Propulsion Light Treads Treads Light Treads Leg Aluminum Leg Utility Small Storage Unit Device Seismic Detector Storage Small Storage Unit Protection Light Armor Plating Weapon Light Cannon Energy Gun Medium Laser Ballistic Gun Assault Rifle Ballistic Cannon Light Cannon Build | -11 -10 -10 -9 ------- Run | Yrd Mat Min Mat Slots Evolved 2 | . . . 2 Power . | . . . . Propulsion 1 | . . . 1 Utility 1 | . . . 1 Weapon . | . . . . Parts Attached 23 | 7 9 5 2 Power 4 | 1 3 . . Engine 3 | 1 2 . . Core 1 | . 1 . . Reactor . | . . . . Propulsion 6 | 2 2 2 . Treads 4 | 2 . 2 . Leg 2 | . 2 . . Wheel . | . . . . Hover . | . . . . Flight . | . . . . Utility 4 | 2 . . 2 Device 1 | 1 . . . Storage 2 | 1 . . 1 Processor . | . . . . Hackware . | . . . . Protection 1 | . . . 1 Artifact . | . . . . Weapon 9 | 2 4 3 . Energy Gun 1 | 1 . . . Energy Cannon . | . . . . Ballistic Gun 5 | 1 2 2 . Ballistic Cannon 3 | . 2 1 . Launcher . | . . . . Special Weapon . | . . . . Impact Weapon . | . . . . Slashing Weapon . | . . . . Piercing Weapon . | . . . . Special Melee Weapon . | . . . . Unidentified Prototypes . | . . . . Parts Lost 3 | . 1 . 2 Power . | . . . . Propulsion 1 | . 1 . . Utility 1 | . . . 1 Weapon 1 | . . . 1 Highest Loss Streak 1 | . 1 . 1 To Critical Strikes . | . . . . Average Backups 7 | 1 7 8 8 Power . | . 1 1 1 Propulsion . | . . . . Utility 1 | . 1 2 2 Weapon 4 | . 4 5 4 Tool/Special . | . . . . Unused Backups 12 | . 3 1 8 Power 3 | . 2 . 1 Propulsion . | . . . . Utility 4 | . . 1 3 Weapon 5 | . 1 . 4 Tool/Special . | . . . . Average Slot Usage (%) 96 | . 99 99 84 Engine 6 | . 11 . . Core 7 | . 2 14 11 Treads 18 | . 21 11 22 Leg 7 | . 6 16 . Device 12 | . 14 14 4 Storage 14 | . 14 14 14 Protection 1 | . . . 11 Ballistic Gun 13 | . 17 8 8 Ballistic Cannon 12 | . 9 19 12 Peak Build Rating 12 | 7 9 10 12 Average Rating 8 | 4 7 8 10 On Entrance 6 | . 7 9 9 Avg Prop Armor Cover (%) 7 | . 7 . . Naked Turns . | . . . . Heaviest Build 39 | 15 16 17 39 Greatest Support 40 | 40 40 40 40 Greatest Overweight (x) 5 | . 5 . . Average Overweight (x) . | . . . . Largest Inventory Capacity 15 | 8 8 8 15 Average Capacity 8 | 6 8 8 10 Most Carried 9 | 2 8 8 9 Average Carried 7 | 1 7 7 8 Final Capacity 15 | 8 8 8 15 Final Carried 9 | 2 8 8 9 Class Distribution -------------------- 50% | Scavenger-Mutant 49% | Mutant Dominant Class ---------------- Mutant | -10/Materials Scavenger-Mutant | -10/Mines Scavenger-Mutant | -9/Materials Resources | -11 -10 -10 -9 ----------- Run | Yrd Mat Min Mat Matter Collected 964 | 216 542 78 128 Remotely . | . . . . Salvage Created 886 | 30 669 . 187 Parts 74 | 4 55 . 15 Haulers Intercepted . | . . . . Recyclers Shooed . | . . . . Parts Field Recycled . | . . . . Retrieved Matter . | . . . . Parts Self-Destructed . | . . . . Prevented . | . . . . Parts Restored . | . . . . Kills | -11 -10 -10 -9 ------- Run | Yrd Mat Min Mat Combat Hostiles Destroyed 24 | . 20 . 4 Guns 13 | . 11 . 2 Cannons 11 | . 9 . 2 Classes Destroyed 6 | 1 3 . 2 Tunneler 2 | 2 . . . Operator 1 | . . . 1 Watcher 3 | . 2 . 1 Swarmer 3 | . 3 . . Grunt 19 | . 17 . 2 Sentry 2 | . . . 2 Best Kill Streak 3 | 1 3 . 3 Combat Bots Only 3 | . 3 . 2 Max Kills in Single Turn 1 | 1 1 . 1 Gunslinging . | . . . . Exploded . | . . . . Melee . | . . . . Uniques/NPCs Destroyed . | . . . . Combat | -11 -10 -10 -9 -------- Run | Yrd Mat Min Mat Hostile Shots Fired 100 | . 84 . 16 Missed 20 | . 17 . 3 Hits 80 | . 67 . 13 Projectile 80 | . 67 . 13 Damage Taken 1233 | . 747 . 486 Core 144 | . 79 . 65 Absorbed by Shields . | . . . . Regen/Repaired (Parts) 16 | . . . 16 Core Remaining (%) 84 | 100 . 68 . Volleys Fired 83 | 3 65 1 14 Largest 2 | 2 2 2 2 Hottest 70 | 70 70 50 60 Shots Fired 166 | 6 130 2 28 Gun 109 | 6 90 1 12 Cannon 57 | . 40 1 16 Launcher . | . . . . Special . | . . . . Kinetic 158 | 3 125 2 28 Thermal 8 | 3 5 . . Explosive . | . . . . Electromagnetic . | . . . . Robot Hit Streak 14 | 4 14 . 14 Robot Miss Streak 5 | 1 4 2 5 Penetration Max . | . . . . Secondary Targets . | . . . . Shots Hit Robots 93 | 4 69 . 20 Core Hits 49 | 2 36 . 11 Critical Kills . | . . . . Critical Parts Destroyed 1 | . 1 . . Critical Strikes 2 | . 2 . . Destroy 1 | . 1 . . Blast 1 | . 1 . . Melee Attacks . | . . . . Impact . | . . . . Slashing . | . . . . Piercing . | . . . . Sneak Attacks . | . . . . Combat Hostiles . | . . . . Follow-up Attacks . | . . . . Damage Inflicted 1480 | 54 1060 20 346 Guns 808 | 54 609 . 145 Cannons 666 | . 451 18 197 Explosions . | . . . . Melee . | . . . . Ramming 6 | . . 2 4 Kinetic 1436 | 28 1048 18 342 Thermal 38 | 26 12 . . Explosive . | . . . . Electromagnetic . | . . . . Impact . | . . . . Slashing . | . . . . Piercing . | . . . . Highest Corruption . | . . . . Average Corruption . | . . . . Corruption Purged . | . . . . Corruption Blocked . | . . . . Overload Shots . | . . . . Overflow Damage . | . . . . Projectiles . | . . . . Explosions . | . . . . Melee . | . . . . Knockbacks 12 | . 11 . 1 Impact . | . . . . Kinetic 10 | . 9 . 1 Secondary 2 | . 2 . . Self-Inflicted Damage . | . . . . Shots . | . . . . Rammed 2 | . . 1 1 Targets Rammed 2 | . . 1 1 Kicked . | . . . . Crushed . | . . . . Highest Temperature 40 | 18 40 . 20 Average Temperature 10 | 9 11 . 8 Received Heat Transfer 426 | . 363 . 63 Siege Activations . | . . . . Martial Activations . | . . . . Shielding Activations . | . . . . Robots Disrupted . | . . . . Combat Hostiles . | . . . . Robots Corrupted . | . . . . Combat Hostiles . | . . . . Parts Fried . | . . . . Impact Corruptions . | . . . . Robots Melted . | . . . . Combat Hostiles . | . . . . Parts Melted . | . . . . Heat Transferred 111 | 74 37 . . Parts Sabotaged . | . . . . Parts Stolen . | . . . . Parts Stripped . | . . . . Power Chain Reactions . | . . . . Alert | -11 -10 -10 -9 ------- Run | Yrd Mat Min Mat Maximum Alert Level . | . . . . Low Security (%) 100 | 100 100 100 100 Level 1 . | . . . . Level 2 . | . . . . Level 3 . | . . . . Level 4 . | . . . . Level 5 . | . . . . High Security . | . . . . Max Security . | . . . . Peak Influence 169 | 5 169 91 55 Initial 16 | . . . 16 Average 32 | . 53 12 9 Influence Increases 807 | 10 540 91 166 Destroy 0b10 Robot/C 540 | . 400 60 80 Destroy 0b10 Robot/NC 35 | 10 10 . 15 Destroy Leader 146 | . 94 10 42 Allied During Kill 21 | . . 21 . Successful Hack 47 | . 33 . 14 Disable Machine 15 | . . . 15 Destroy Structure 3 | . 3 . . Influence Decreases 760 | 10 540 48 162 Entered New Map 27 | . . . 27 Time Decay 573 | 10 390 48 125 Lost Part 20 | . 10 . 10 Purge Threat 140 | . 140 . . Squads Dispatched 8 | . 6 . 2 Investigation 5 | . 4 . 1 Extermination . | . . . . Reinforcement 3 | . 2 . 1 Assault . | . . . . Garrison . | . . . . Intercept . | . . . . Searches Triggered . | . . . . Construction Impeded . | . . . . Haulers Reinforced . | . . . . Active Scanning Responses . | . . . . Cargo Convoy Interrupts . | . . . . Stealth | -11 -10 -10 -9 --------- Run | Yrd Mat Min Mat Distress Signals 2 | . 1 . 1 Communications Jammed . | . . . . Distress Signals . | . . . . Times Spotted 40 | . 30 2 8 Peak Tracking Total 4 | . 4 2 3 Tactical Retreats . | . . . . Traps | -11 -10 -10 -9 ------- Run | Yrd Mat Min Mat Traps Triggered 3 | . 3 . . Indirectly . | . . . . Trap Hack Attempts . | . . . . Triggered . | . . . . Disarmed . | . . . . Reprogrammed . | . . . . Reused . | . . . . Traps Extracted . | . . . . Installed . | . . . . Triggered . | . . . . Machines | -11 -10 -10 -9 ---------- Run | Yrd Mat Min Mat Machines Disabled 1 | . . . 1 Max in Single Turn . | . . . . Machines Repaired . | . . . . Machines Dismantled . | . . . . Machines Sabotaged . | . . . . Overloaded Fab Kills . | . . . . Hacking | -11 -10 -10 -9 --------- Run | Yrd Mat Min Mat Machines Accessed 11 | . 7 . 4 Terminals 7 | . 5 . 2 Fabricators . | . . . . Repair Stations 1 | . . . 1 Recycling Units 2 | . 2 . . Scanalyzers 1 | . . . 1 Garrison Access . | . . . . Total Hacks 45 | . 31 . 14 Successful 25 | . 17 . 8 Failed 19 | . 13 . 6 Catastrophic 4 | . 3 . 1 Database Lockouts 1 | . 1 . . Manual 21 | . 18 . 3 Terminals 29 | . 24 . 5 Fabricators . | . . . . Repair Stations 2 | . . . 2 Recycling Units 7 | . 7 . . Scanalyzers 7 | . . . 7 Garrison Access . | . . . . Terminal Hacks 10 | . 10 . . Robot Analysis 1 | . 1 . . Terminal Index 1 | . 1 . . Alert Level 2 | . 2 . . Unreport Threat 2 | . 2 . . Dispatch Records 1 | . 1 . . Transport Status 1 | . 1 . . Registered Components 1 | . 1 . . Zone Layout 1 | . 1 . . Fabricator Hacks . | . . . . Repair Station Hacks 2 | . . . 2 Scan Component 1 | . . . 1 Repair 1 | . . . 1 Recycling Unit Hacks 4 | . 4 . . Report Inventory 2 | . 2 . . Retrieve Components 2 | . 2 . . Scanalyzer 5 | . . . 5 Retrieve Study 5 | . . . 5 Garrison Access Hacks . | . . . . Unauthorized Hacks 4 | . 3 . 1 Terminals 4 | . 3 . 1 Botnet 4 | . 3 . 1 Fabricators . | . . . . Repair Stations . | . . . . Recycling Units . | . . . . Scanalyzers . | . . . . Garrison Access . | . . . . Data Cores Recovered 1 | . . . 1 Used . | . . . . Hacking Detections 10 | . 6 . 4 Full Trace Events 3 | . 1 . 2 Feedback Events . | . . . . Feedback Blocked . | . . . . Robot Schematics Acquired . | . . . . Robots Built . | . . . . Authchips . | . . . . Time . | . . . . Total Robot Build Rating . | . . . . Part Schematics Acquired . | . . . . Parts Built . | . . . . Authchips . | . . . . Time . | . . . . Total Part Build Rating . | . . . . Part Studies Acquired 4 | . . . 4 Parts Repaired 1 | . . . 1 Time 26 | . . . 26 Parts Recycled . | . . . . Recycled Matter . | . . . . Retrieved Matter . | . . . . Retrieved Components 7 | . 7 . . Parts Scanalyzed . | . . . . Part Schematics Acquired . | . . . . Parts Damaged . | . . . . Bothacking | -11 -10 -10 -9 ------------ Run | Yrd Mat Min Mat Used RIF Installer . | . . . . Robots Hacked . | . . . . Non-combat . | . . . . Combat . | . . . . Robot Hacks Applied . | . . . . Relay Couplers Released . | . . . . Fabnet Peak Effective % . | . . . . Robots Rewired . | . . . . Allies Hacked . | . . . . Hacks Repelled . | . . . . Allies | -11 -10 -10 -9 -------- Run | Yrd Mat Min Mat Total Allies 5 | . . 5 . Largest Group 5 | . . 5 2 Highest-Rated Group 82 | . . 82 47 Highest-Rated Ally 31 | . . 31 31 Total Orders . | . . . . Ally Attacks 7 | . . 4 3 Total Damage 202 | . . 73 129 Kills 5 | . . 3 2 Allies Corrupted . | . . . . Allies Melted . | . . . . Intel | -11 -10 -10 -9 ------- Run | Yrd Mat Min Mat Active Infowar (turns) 2183 | 29 1345 650 159 Seismic 2183 | 29 1345 650 159 Robot Analysis Total 1 | . 1 . . Derelict Logs Recovered 1 | . . 1 . Drone Launches . | . . . . Drone Recoveries . | . . . . Exploration | -11 -10 -10 -9 ------------- Run | Yrd Mat Min Mat Turns Passed 2584 | 181 1345 650 408 Spaces Moved 1413 | 137 610 464 202 Core 67 | 65 2 . . Treads 870 | 72 431 165 202 Legs 476 | . 177 299 . Wheels . | . . . . Hover . | . . . . Flight . | . . . . Fastest Speed 50 | 50 120 120 160 Average Speed 141 | 107 149 134 160 Slowest Speed 300 | 160 300 160 160 Overloaded Moves . | . . . . Propulsion Burnouts . | . . . . Robots Hopped . | . . . . Potential Cave-ins . | . . . . Cave-ins Triggered 1 | . . . 1 Exploration Rate (%) 54 | 5 96 94 24 Regions Visited 3 Branch Regions 1 Pre-discovered Areas 2 | . . 2 . Known Exits Taken . | . . . . Unknown Exits Taken 3 | 1 1 1 . Scrap Searched 2 | . . 2 . Spaces Dug . | . . . . Terrain Destroyed . | . . . . Melee . | . . . . Projectile . | . . . . AOE . | . . . . Terrain Rammed . | . . . . Walls Destroyed . | . . . . Machines Disabled . | . . . . Actions | -11 -10 -10 -9 --------- Run | Yrd Mat Min Mat Total 1827 | 161 918 490 258 Wait 274 | 13 216 13 32 Move 1410 | 136 609 463 202 Hop . | . . . . Pick Up 18 | 2 10 2 4 Fast Attach 12 | 7 2 1 2 Attach 2 | . . . 2 Detach . | . . . . Swap 11 | . 7 4 . Drop 15 | . 9 5 1 Fire 83 | 3 65 1 14 Melee . | . . . . Ram . | . . . . Kick . | . . . . Crush 2 | . . 1 1 Escape Stasis . | . . . . Rewire . | . . . . Trap . | . . . . Miscellaneous . | . . . . Route ------- -11/Scrapyard -10/Materials (discovered 5 exits: *Mat x3 / [*Min x2]) -10/Mines (discovered 2 exits: *Mat x2) -9/Materials (discovered 1 exit: [*Sto]) History --------- Turn | Location | Event 5 | -11/Scrapyard | Discovered new exit (range 16) 182 | -11/Scrapyard | Entered Materials 316 | -10/Materials | Build established: Mutant 494 | -10/Materials | Discovered new exit (range 16) 524 | -10/Materials | Central database locked down 1016 | -10/Materials | Discovered new exit (range 15) 1289 | -10/Materials | Discovered new exit (range 13) 1356 | -10/Materials | Discovered new exit (range 3) 1484 | -10/Materials | Discovered new exit (range 16) 1527 | -10/Materials | Entered Mines 1544 | -10/Mines | Build established: Scavenger-Mutant 1563 | -10/Mines | Assisted by bots powering up and referring to "LRC-V3" 1642 | -10/Mines | Found a Scrap Suit stashed away for nefarious purposes 1656 | -10/Mines | Discovered new exit (range 6) 1713 | -10/Mines | Discovered new exit (range 7) 1753 | -10/Mines | Learned location of Mines (-9) 1756 | -10/Mines | Learned location of Storage (-9) 1887 | -10/Mines | Joined a pair of Derelicts in attacking an 0b10 outpost 2177 | -10/Mines | Entered Materials 2177 | -9/Materials | Accompanied by 2 allies 2177 | -9/Materials | Evolved 2 slots: Propulsion x1, Utility x1 2182 | -9/Materials | Led the pair of lost Derelicts to an unsafe place 2224 | -9/Materials | Discovered new exit (range 15) 2241 | -9/Materials | Repaired Seismic Detector 2248 | -9/Materials | Crushed by falling debris 2585 | -9/Materials | Self-destructed Last Messages --------------- 02559_ O-16 Technician sends out distress signal. 02559_ O-16 Technician: "IFF HANDSHAKE FAILED. SECURING TERMINAL." 02560_ O-16 Technician destroyed. 02561_ Acquired 7 matter. 02565_ K-01 Serf collects debris. 02567_ G-34 Mercenary destroyed. 02568_ K-01 Serf collects debris. 02568_ R-06 Scavenger collects Hover Unit. 02570_ Acquired data core, extracted dynamic key. 02570_ Decrypted 6 local trap positions from data. 02571_ R-06 Scavenger collects Beam Rifle. 02572_ Slammed into K-01 Serf. 02574_ Acquired 9 matter. 02575_ R-06 Scavenger collects Imp. Ion Engine. 02575_ Acquired 3 matter. 02578_ R-06 Scavenger collects Heat Sink. Map ----- +----------------------------------------------------+ | | | | | | | | | | | | | | | | | | | | | ?????????????????????????????????????????????????? | | ?????????????????????????????????????????????????? | | ?????????????????????????????????????????????????? | | ?????????????????????????????????????????????????? | | ?????????????????????????????????????????????????? | | ?????????????????????????????????????????????????? | | ?????????????????????????????????????????????????? | | ?????????????????????????????????????????????????? | | ?????????????????????????????????????????????????? | | ?????????????????????????????????????????????????? | | ????????????????####+######??????????????????????? | | ????????????????? ??????????????????????? | | ?????????????????? ???????????????????????? | | ??????????????????? ????????????????????????? | | #######???########### *#######??????????????????? | | # ##### T # [%#@% #??????????????????? | | + #%% # #??????????????????? | | # ##### # + % #??????????????????? | | ??## ##???# # #[= #??????????????????? | | ##?# #????# + # #??????????????????? | | ?# #????# """ """ # # """ #??????????????????? | | # #????# """ """ # # """ #??????????????????? | | # ###### """ """ # # """ #??????????????????? | | + ########### # #??????????????????? | | # #### #??###????# # "T" #??????????????????? | | ####+#### #?? ???# # #??????????????????? | | ?# # #? #??# #######??????????????????? | | ?# # #?"" #??# #????????????????????????? | | ?# """ # #""" #?? ????????????????????????? | | ?# """ # #""" #?? ^^??????????????????????? | | ?# """ + + #?? ^^??????????????????????? | | ?# # ########?? ^^??????????????????????? | | ?######## !##????? #???????????????????????? | | ?# + !#?????#####????????????????????????? | | ?# " # % !#??????????????????????????????????? | | ?# T [ + #??????????????????????????????????? | | ?# " # !#??????????????????????????????????? | | ?# # !##??????????????????????????????????? | | ?# # ####???????????????????????????????????? | | ?######## #??????????????????????????????????????? | +----------------------------------------------------+ Best States ------------- Heat Dissipation 28 Energy Generation 14 Energy Capacity 250 Matter Stores 300 Matter Capacity 300 Sight Range 16 Terrain Scan Density 10 Armor Coverage 150 Evasion (%) 55 Recoil Reduction 2 Item Schematics ----------------- None Robot Schematics ------------------ None Fabricated ------------ Nothing Repaired ---------- Seismic Detector | 20% | -9/Materials Studied --------- Lgt. Treads | -9/Materials | Hacked Grenade Launcher | -9/Materials | Hacked Lgt. Cannon | -9/Materials | Hacked Beam Cannon | -9/Materials | Hacked Alien Tech Used ----------------- None Achievements -------------- None Challenges ------------ None Game ------ Seed SingularityFieldClaws Manual? 0 Play Time 00:23:38 Cumulative 23.0 hours Start 2025.12.27 @ 00:09:30 End 2025.12.27 @ 00:33:41 Sessions 1 Manual Loads 0 Difficulty Rogue Special Mode None Game No. 21 Rogue 21 Adventurer 0 Explorer 0 Win Type - Total 1 Types 1/0/0/0/0/0/0/0/0/0 Lore% 5 Gallery% 21 Achievement% 21 Wizard Run 0 Options --------- Layout 1 ASCII 0 Keyboard 0 Movement Mouse Keybinds 1 Fullscreen 2 Font 24/Smallcaps Map View 25x20 Zoom Use 72% Tactical HUD 1 Map Filters NONE Filters NONE Steam 1 RUN: cfd29eb0-80b2-486f-9407-8768bbb14f17